 Dungeon Crawl Stone Soup version 0.29.1-2-gbd0b4ee654 (webtiles) character file.

Game seed: 17505946788759309202

47 Descartes the Grasshopper (level 3, -6/16 HPs)
             Began as a Spriggan Wanderer on Nov 25, 2022.
             Mangled by a worm (11 damage)
             ... on level 2 of the Dungeon.
             The game lasted 00:06:49 (3912 turns).

Descartes the Grasshopper (Spriggan Wanderer)       Turns: 3912, Time: 00:06:49

Health: -6/16      AC:  2    Str:  7    XL:     3   Next: 48%
Magic:  8/8        EV: 16    Int: 17    God:
Gold:   30         SH:  0    Dex: 13    Spells: 7/8 levels left

rFire   . . .      SeeInvis +   a - +0 dagger
rCold   . . .      Faith    .   (no shield)
rNeg    . . .      Spirit   .   c - +0 robe
rPois   .          Reflect  .   (helmet restricted)
rElec   .          Harm     .   (no cloak)
rCorr   .          Rampage  .   (gloves unavailable)
Will    .....                   (boots unavailable)
Stlth   ++........              (no amulet)
HPRegen 0.05/turn               (no ring)
MPRegen 0.11/turn               (no ring)

@: very quick
A: very small, no large weapons, unfitting armour, see invisible, speed 3
a: no special abilities


You were on level 2 of the Dungeon.
You visited 1 branch of the dungeon, and saw 2 of its levels.

You collected 30 gold pieces.

Inventory:

Hand Weapons
 a - a +0 dagger (weapon)
Armour
 c - a +0 robe (worn)
Magical Staves
 j - a staff of fire
Jewellery
 l - a +4 ring of slaying
Wands
 d - a wand of flame (4) (quivered)
Scrolls
 f - 3 scrolls of identify {unknown}
 g - a scroll of immolation {unknown}
 h - a scroll of enchant armour {unknown}
 i - a scroll of poison {unknown}
 k - 2 scrolls of butterflies {unknown}
Potions
 b - 2 potions of heal wounds
 e - a potion of mutation {unknown}
 m - 2 potions of attraction {unknown}
 n - a potion of lignification {unknown}
 o - 2 potions of haste {unknown}


   Skills:
 + Level 1.0 Short Blades
 + Level 2.2 Dodging
 * Level 2.7 Stealth
 + Level 3.0 Spellcasting
 - Level 2.4 Summonings
 + Level 3.4 Translocations
 + Level 3.1 Evocations


You had 7 spell levels left.
You knew the following spells:

 Your Spells              Type           Power      Damage    Failure   Level
a - Apportation           Tloc           28%        N/A       4%          1

Your spell library contained the following spells:

 Spells                   Type           Power      Damage    Failure   Level
 Summon Small Mammal      Summ           40%        N/A       6%          1
 Teleport Other           Tloc           14%        N/A       13%         3
 Call Canine Familiar     Summ           10%        N/A       19%         3
 Summon Guardian Golem    Hex/Summ       6%         N/A       32%         3


Dungeon Overview and Level Annotations

Branches:
Dungeon (2/15)

Altars:


Innate Abilities, Weirdness & Mutations

You are very small and have problems with some larger weapons.
You are too small for most types of armour.
You have supernaturally acute eyesight. (SInv)
You cover ground extremely quickly. (Speed+++)


Message History

The worm completely misses you.
You hit the worm.
The worm is lightly wounded.
The worm bites you.
* * * LOW HITPOINT WARNING * * *
You hit the worm but do no damage.
The worm is lightly wounded.
You hit the worm.
The worm is moderately wounded.
The worm barely misses you.
You open the door.
There is an open door here.
A worm is nearby!
You hit the worm.
The worm is lightly wounded.
The worm bites you.
You hit the worm.
The worm is moderately wounded.
The worm closely misses you.
You hit the worm.
The worm is moderately wounded.
You hit the worm.
The worm is moderately wounded.
The worm closely misses you.
You barely miss the worm.
The worm is moderately wounded.
You hit the worm but do no damage.
The worm is moderately wounded.
The worm bites you!
Ouch! That really hurt!
You are too injured to fight recklessly!
You are too injured to fight recklessly!
You hit the worm.
The worm is heavily wounded.
The worm bites you but does no damage.
Unknown command.
A worm is nearby!
The worm bites you!
Ouch! That really hurt!
You die...

......#..♣♣P♣♣♣♣..## #.#.#
###..##.P..P♣♣P....# #(#.#
#............P.....###.#.# ###
#.............###........### #..
#..#.##.#..##.###..#.......####(♣
...[...........##..#.......#....♣
#.....#.#..##..##..#.......#<...♣
......)...............>#####.###♣
......#.####...w@..##### #.# ♣
...............##..#########.# ♣
#######.#..........#.......#.# ♣
#.#...#..###.#.......#.# ♣
#.#..###.# #.#.......#.###♣
#.#..# #.# #.#.......#....♣
#.#..# #.# #.'.......'.##..
#.#..# #.# ###.......######
#...## #.# #########


You could see a worm.

Vanquished Creatures
  6 bats
  8 endoplasms
  A goblin (D:2)
  6 hobgoblins
  3 jackals (D:1)
  3 quokkas (D:1)
  2 ball pythons
  6 frilled lizards
  4 kobolds
  4 rats
43 creatures vanquished.

Notes
Turn   | Place    | Note
-------+----------+-------------------------------------------
     0 | D:1      | Descartes the Spriggan Wanderer began the quest for the
                  | Orb.
     0 | D:1      | Descartes set off with the following items: a +0 dagger, a
                  | potion of heal wounds, a +0 robe, a wand of flame (4); and
                  | the following spells available to memorise: Apportation,
                  | Summon Small Mammal, Teleport Other, Call Canine Familiar,
                  | Summon Guardian Golem.
     0 | D:1      | Reached XP level 1. HP: 9/9 MP: 5/5
     2 | D:1      | Learned a level 1 spell: Apportation
   817 | D:1      | Reached skill level 1 in Stealth
   925 | D:1      | Reached XP level 2. HP: 10/13 MP: 6/6
  1951 | D:1      | Reached XP level 3. HP: 16/16 MP: 8/8
  2091 | D:1      | Found a faded altar of an unknown god.
  3592 | D:2      | Reached skill level 1 in Short Blades
  3912 | D:2      | Mangled by a worm

Illustrated notes

Levels and vault maps discovered:
D:1:      dpeg_arrival_simpleton_b, layout_loops_cross,
          shapermc_ecumenical_altar_mp_urbaneastern,
          chequers_serial_rivers_room_b
D:2:      layout_basic, serial_forest, infiniplex_forest_split,
          infiniplex_forest_clump_curved, infiniplex_forest_straight_5,
          infiniplex_forest_clump_small, infiniplex_forest_lined_3,
          infiniplex_forest_split, infiniplex_forest_fountain, minmay_3d_cube

Skill      XL: |  1  2  3 |
---------------+----------+-----
Stealth        | 1 2 |  2.7
Evocations     | 3 |  3.1
Spellcasting   | 3 |  3.0
Dodging        | 2 |  2.2
Short Blades   | 1 |  1.0
Summonings     | |  2.4
Translocations | |  3.4

Action                   || total
-------------------------++-------
Melee: Dagger            ||   243
 Cast: Apportation       ||     1
 Stab: Sleeping          ||     6
Armor: Robe              ||    16
Dodge: Dodged            ||   181
